 Dungeon Crawl Stone Soup version 0.10.0-21-g6e717ff character file.

115744 cptwinky the Eclecticist (level 16, -1/110 HPs)
             Began as a Vampire Ice Elementalist on Feb 26, 2012.
             Was the Champion of Sif Muna.
             Killed by divine providence
             ... invoked by a smoke demon
              (13 damage)
             ... in The Abyss on Feb 27, 2012.
             The game lasted 04:50:06 (51525 turns).

cptwinky the Eclecticist (VpIE)                    Turns: 51525, Time: 04:50:06

HP  -1/110       AC 11     Str  8      XL: 16   Next:  8%
MP   6/37        EV 23     Int 27      God: Sif Muna [******]
Gold 1595        SH 17     Dex 23      Spells: 17 memorised,  1 level left

Res.Fire  : . . .   See Invis. : +   b - +3,+2 dagger (venom) {=f}
Res.Cold  : + + .   Warding    : . . q - +2 robe {Archmagi}
Life Prot.: + + +   Conserve   : .   v - +2 dwarf buckler
Res.Acid. : . . .   Res.Corr.  : .   x - +2 wizard hat {Int+3}
Res.Poison: +       Clarity    : .   H - +1 elf cloak
Res.Elec. : .       Spirit.Shd : .   w - +1 pair of gauntlets
Sust.Abil.: . .     Stasis     : .   m - +0 pair of elf boots
Res.Mut.  : +       Ctrl.Telep.: x   I - amulet of resist mutation
Res.Rott. : +       Levitation : .   h - ring of Leimyurch {cTele Dex+4 Int+3}
Saprovore : . . .   Ctrl.Flight: .   u - ring of levitation

@: non-regenerating, about to teleport, agile, quite resistant to hostile
enchantments, extraordinarily stealthy
A: bottle blood, fangs 3, see invisible, unbreathing
a: Bat Form, Bottle Blood, Channel Energy, Forget Spell, Renounce Religion,
Evoke Levitation


You were in the Abyss.
You worshipped Sif Muna.
Sif Muna was exalted by your worship.
You were bloodless.

You visited 6 branches of the dungeon, and saw 36 of its levels.
You visited the Abyss 1 time.
You visited 1 Labyrinth.
You visited 1 bazaar.
You visited 2 portal chambers: ossuary, ice cave.

You collected 2964 gold pieces.
You spent 1389 gold pieces at shops.

Inventory:

Hand weapons
 a - a +2,+0 dagger of flaming (quivered)
 b - a +3,+2 dagger of venom (weapon) {=f}
 d - a +1,+2 orcish hammer of draining
Missiles
 e - 4 +0 darts
 s - 16 exploding +0 darts
Armour
 m - a +0 pair of elven boots (worn)
 q - a +2 robe of the Archmagi (worn)
 v - a +2 dwarven buckler (worn)
 w - a +1 pair of gauntlets (worn)
 x - a +2 wizard hat of intelligence (worn)
 H - a +1 elven cloak (worn)
Magical devices
 c - a wand of frost (1)
 g - a wand of cold (8)
 i - a wand of disintegration (8)
 j - a wand of teleportation (9)
 k - a wand of heal wounds (5) {unknown}
 E - a wand of enslavement (0)
 K - a wand of confusion (10)
 O - a wand of fire (0)
 T - a wand of flame (14)
Scrolls
 l - 3 scrolls of fog
 G - 5 scrolls of identify
 L - a scroll of detect curse
 M - 2 scrolls of fear
 U - a scroll of blinking
Jewellery
 h - the ring of Leimyurch (right hand) {cTele Dex+4 Int+3}
   (You bought it in a shop in a bazaar)

   [ring of teleport control]

   It affects your intelligence (+3).
   It affects your dexterity (+4).
 o - an uncursed ring of wizardry
 p - an uncursed ring of fire
 u - a ring of levitation (left hand)
 y - an uncursed ring of invisibility
 z - a +4,+3 ring of slaying
 D - an uncursed ring of regeneration
 I - an amulet of resist mutation (around neck)
 N - an uncursed amulet of clarity
Potions
 r - 2 potions of brilliance
 B - a potion of agility
 C - 2 potions of might
 F - 2 potions of speed
 P - a potion of magic
Magical staves
 f - a staff of wizardry
 R - a +2 rod of destruction [fire] (10/10)
   (You found it in a Labyrinth)


   Skills:
 - Level 7.0 Fighting
 - Level 8.3 Short Blades
 - Level 1.0 Long Blades
 - Level 6.3 Dodging
 - Level 8.3 Stealth
 * Level 11.6 Stabbing
 * Level 7.6 Shields
 - Level 3.0 Traps & Doors
 + Level 16.4 Spellcasting
 - Level 5.2 Conjurations
 - Level 4.0 Hexes
 - Level 3.0 Charms
 - Level 9.1 Summonings
 - Level 9.2 Necromancy
 - Level 2.0 Translocations
 - Level 7.0 Ice Magic
 - Level 1.3 Air Magic
 - Level 1.0 Poison Magic
 - Level 8.1 Invocations


You had one spell level left.
You knew the following spells:

 Your Spells              Type           Power        Failure   Level  Hunger
a - Pain                  Necr           #####        1%          1    None
b - Throw Frost           Ice/Conj       #######      1%          2    None
c - Ozocubu's Armour      Ice/Chrm       #######...   1%          3    None
d - Throw Icicle          Ice/Conj       #######..    1%          4    None
e - Summon Ice Beast      Ice/Summ       #######...   1%          4    None
f - Animate Skeleton      Necr           N/A          1%          1    None
g - Apportation           Tloc           ######....   1%          1    None
h - Vampiric Draining     Necr           ########..   1%          3    None
i - Animate Dead          Necr           N/A          1%          4    None
j - Ensorcelled Hibernat  Ice/Hex        #######      1%          2    None
k - Blink                 Tloc           N/A          1%          2    None
l - Mephitic Cloud        Pois/Air/Conj  #######..    2%          3    None
m - Repel Missiles        Air/Chrm       #######...   1%          2    None
n - Conjure Flame         Fire/Conj      #######..    2%          3    None
o - Summon Butterflies    Summ           ########.    1%          1    None
p - Simulacrum            Ice/Necr       #######...   14%         6    Choko
q - Control Teleport      Chrm/Tloc      #######...   10%         4    None


Dungeon Overview and Level Annotations

Branches:
Dungeon (17/27)            Temple (1/1) D:6             Orc (4/4) D:9
   Lair (8/8) D:9          Shoals (1/5) Lair:5        Slime (0/6) Lair:6
  Snake (5/5) Lair:6
    Elf: Orc:3-4      Vault: D:14-19

Altars:
Ashenzari
Cheibriados
Elyvilon
Fedhas
Kikubaaqudgha
Makhleb
Nemelex Xobeh
Okawaru
Sif Muna
The Shining One
Trog
Vehumet
Xom
Yredelemnul
Zin

Shops:
D:7: + D:8: ( D:9: * Orc:2: [ Orc:4: ** Snake:3: ! Snake:5: *[

Annotations
D:4 hunterx's ghost, average TeAE
Lair:1 exclusion: door
Lair:4 exclusion: door
Snake:3 Saint Roka
Snake:4 Nikola; Norris
Snake:5 exclusion: door


Innate Abilities, Weirdness & Mutations

You do not heal naturally.
You can bottle blood from corpses.
You have razor-sharp teeth.*
You have supernaturally acute eyesight.
You can survive without breathing.*
((You are surrounded by a mild repulsion field (EV +2).))+


Message History

You feel strangely unstable.
You have a feeling this translocation may take a while to kick in...
The orange demon hits you but does no damage.
The orange demon stings you.
* * * LOW HITPOINT WARNING * * *
The neqoxec gestures at you.
Something tries to feed on your intellect!
The lemure splashes around in the water.
The lemure hits you.
* * * LOW HITPOINT WARNING * * *
The lemure splashes around in the water.
A neqoxec comes into view.
The smoke demon gestures at you. Something smites you!
* * * LOW HITPOINT WARNING * * *
Drink which item? (? for menu, Esc to quit)
You feel more agile all of a sudden. The smoke demon gestures at you.
Something smites you!
You die...

. .. # ...#.## ####. ≈
......##... ## #.# ###
##....#.#.##... . .≈≈≈
.#(..#.##≈§≈#....#
........#..# #≈...≈..#
..#..≈....####≈@...≈#.##
. .. ..#≈.#. #)5≈≈≈§.# .
.# ..2.#.#.###≈≈§.#.#
....#.§ ..#..433≈## #
### .§ 3.. ....≈.## .≈ #
.# ≈#.........≈ ≈ .###.
#.##.≈#≈#...≈ ##.#.≈..
#..#≈..#.##. .. . # #.
#.≈..#.≈


You could see an orange demon, a smoke demon, a neqoxec and a lemure.

Vanquished Creatures
  A kraken (Shoals:1)
  Kirke (D:16)
  Agnes (D:14)
  Donald (Snake:1)
  A balrug (Abyss)
  Maud (Lair:6)
  Gastronok (D:13)
  Jozef (D:12)
  2 anacondas
  Snorg (D:14)
  A minotaur (Lab)
  The ghost of HoboGoblin the Impaler, a powerful MfGl of Okawaru (Orc:2)
  A salamander (Abyss)
  Erica (Shoals:1)
  Harold (D:10)
  2 hydras
  An ogre mage (Orc:4)
  A rakshasa (Abyss)
  5 death yaks
  2 centaur warriors
  A skeletal warrior (Abyss)
  3 naga warriors
  A sea snake (Shoals:1)
  2 unseen horrors
  A large abomination (Abyss)
  Erolcha (D:8)
  An ice statue (Port)
  4 hill giants
  An orc sorcerer (Snake:3)
  Urug (Orc:1)
  2 guardian serpents
  A flaming corpse (Abyss)
  2 cyclopes
  A catoblepas zombie (Abyss)
  2 griffons
  2 wolf spiders
  A dragon zombie (D:14)
  11 spiny frogs
  18 black mambas
  2 elephant slugs (Lair:8)
  3 trapdoor spiders
  3 feature mimics
  15 slime creatures
  A hellwing (Abyss)
  8 ugly things (D:16)
  A hill giant zombie (D:15)
  6 naga magi
  A mermaid (Shoals:1)
  Sonja (Shoals:1)
  2 snapping turtles (Shoals:1)
  A polar bear (Lair:6)
  A rock troll zombie (D:16)
  7 two-headed ogres
  A queen bee (Lair:6)
  8 komodo dragons
  3 trolls
  2 rock troll skeletons
  A spriggan (D:7)
  7 blink frogs (Lair:8)
  2 basilisks
  2 blue devils (Port)
  A lindwurm zombie (Abyss)
  3 sharks (Lair:7)
  4 hogs (D:16)
  A blink frog skeleton (D:14)
  2 wyverns (Lair:4)
  A wraith (D:15)
  3 merfolk (Shoals:1)
  A fire elemental (D:14)
  2 fire drakes
  55 yaks
  A hungry ghost (D:15)
  8 vampire mosquitoes
  Grum (Orc:2)
  6 golden eyes (Abyss)
  9 hippogriffs
  A steam dragon (Lair:4)
  3 neqoxecs (Abyss)
  A ynoxinul (Abyss)
  4 necrophages
  3 manticores
  A rock worm (Lair:6)
  11 war dogs
  15 orc warriors
  2 small abominations (Abyss)
  11 ice beasts
  A sky beast (D:9)
  A queen bee zombie (D:14)
  4 giant goldfish
  A hippogriff zombie (D:12)
  A yellow wasp (D:12)
  3 giant leeches
  3 hell hounds (D:14)
  A merfolk simulacrum (Abyss)
  2 boring beetles
  15 centaurs
  A troll zombie (D:16)
  12 ogres
  A troll skeleton (D:10)
  5 wargs
  2 lava worms (Abyss)
  4 wolves (Lair:8)
  Duvessa (D:5)
  6 giant slugs
  50 nagas
  14 crocodiles
  2 big kobolds (D:15)
  36 water moccasins
  23 giant frogs
  4 agate snails
  Blork the orc (D:9)
  A basilisk skeleton (D:13)
  28 killer bees
  2 eyes of draining
  A jellyfish (Abyss)
  3 electric eels (Lair:8)
  4 wights
  2 big kobold zombies
  A quasit (D:9)
  A killer bee zombie (D:9)
  A goliath beetle (D:8)
  Dowan (D:5)
  A big fish (Lair:7)
  4 big kobold skeletons
  11 crimson imps
  20 orc priests
  17 hounds
  Crazy Yiuf (D:5)
  A hound zombie (D:10)
  8 iguanas
  A shadow (D:14)
  2 iron imps (Abyss)
  A worker ant zombie (D:12)
  2 hound skeletons
  27 orc wizards
  9 porcupines
  2 scorpions
  5 worker ants
  7 sheep
  12 jellies
  2 boggarts (D:16)
  11 mummies
  3 flying skulls (Abyss)
  4 gnolls (D:16)
  35 adders
  An adder zombie (D:7)
  4 lemures (Abyss)
  5 midges (Abyss)
  A scorpion zombie (D:5)
  An iguana zombie (D:10)
  A giant centipede (Lair:2)
  5 giant mites
  An iguana skeleton (D:7)
  4 white imps
  An adder skeleton (D:8)
  51 green rats
  2 worms
  5 ufetubi
  2 giant eyeballs
  12 giant geckos
  174 orcs
  5 ball pythons
  18 bats
  10 giant cockroaches
  17 goblins
  25 hobgoblins
  26 jackals
  28 kobolds
  16 quokkas
  7 giant newts
  2 giant spores
  A hobgoblin skeleton (D:8)
  3 hobgoblin zombies (Port)
  2 illusory rakshasas (Abyss)
  A kobold skeleton (D:4)
  5 kobold zombies
  4 orc zombies
  A quokka skeleton (D:4)
  3 quokka zombies
  29 rats
  A ballistomycete (D:12)
  A butterfly (D:15)
  A fungus (Lair:8)
  9 plants
  4 tentacles (Shoals:1)
  8 toadstools
1233 creatures vanquished.

Vanquished Creatures (collateral kills)
  Azrael (D:14)
  An anaconda (Snake:1)
  Josephine (D:10)
  A centaur warrior (D:14)
  2 death yaks (Lair:8)
  A naga warrior (Snake:2)
  A hill giant (D:16)
  An ice statue (Port)
  Joseph (D:9)
  4 spiny frogs (Lair:8)
  A slime creature (D:16)
  A naga mage (Snake:2)
  4 ugly things (D:14)
  An agate snail zombie (D:13)
  2 komodo dragons
  2 two-headed ogres (Orc:4)
  A centaur (Lair:5)
  5 blink frogs (Lair:8)
  A basilisk (D:9)
  A wyvern (Lair:8)
  2 blue devils (Lair:5)
  11 yaks
  2 hippogriffs (Lair:6)
  A fire elemental (D:14)
  2 war dogs (Lair:8)
  A clay golem (D:16)
  A fire drake (Lair:4)
  2 vampire mosquitoes (Lair:8)
  4 merfolk (Shoals:1)
  An item mimic (Lair:8)
  3 necrophages
  2 orc warriors (D:16)
  An orange crystal statue (D:14)
  3 hell hounds
  A yak zombie (D:10)
  7 ice beasts
  5 giant goldfish (Lair:8)
  A troll skeleton (D:10)
  An ogre (Orc:4)
  11 nagas
  A wolf (Lair:8)
  5 giant slugs
  3 crocodiles
  A giant leech (Lair:8)
  5 water moccasins
  5 agate snails
  7 giant frogs
  3 killer bees (Lair:6)
  An electric eel (Lair:8)
  4 big fish
  2 orc priests (Orc:1)
  4 hounds
  A big kobold skeleton (D:10)
  4 iguanas
  3 orc wizards
  4 porcupines
  3 sheep
  2 boggarts (D:16)
  6 adders
  A giant centipede (Lair:3)
  21 green rats
  5 ufetubi (Port)
  4 white imps (Port)
  27 orcs
  A goblin (Orc:3)
  2 hobgoblins
  6 jackals
  A quokka (Lair:5)
  2 bats
  A giant newt (Lair:5)
  2 kobolds (D:15)
  2 rats
  A butterfly (Shoals:1)
  4 fungi
  10 plants
  A toadstool (Lair:8)
250 creatures vanquished.

Vanquished Creatures (others)
  A spriggan zombie (D:14)
  An elephant slug zombie (D:13)
  A death yak zombie (Lair:8)
  A human zombie (Snake:1)
  An unseen horror (D:16)
  A death yak skeleton (Lair:8)
  2 black mamba zombies
  A black mamba (Snake:4)
  A griffon skeleton (Lair:4)
  6 slime creatures
  An ugly thing (D:14)
  2 agate snail zombies
  5 spiny frog zombies
  2 hog zombies (D:16)
  6 blink frog zombies (Lair:8)
  A merfolk skeleton (Shoals:1)
  A human skeleton (Shoals:1)
  4 giant slug zombies
  2 wolf zombies (Lair:8)
  A komodo dragon zombie (Lair:5)
  A hell hound zombie (Lair:8)
  18 ice beasts
  A komodo dragon skeleton (Lair:3)
  2 giant goldfish zombies (Lair:8)
  7 yak zombies
  2 hippogriff zombies
  A giant goldfish skeleton (Lair:8)
  3 war dog zombies (Lair:8)
  A hippogriff skeleton (Lair:2)
  A naga (Snake:2)
  3 yak skeletons
  7 giant frog zombies
  A wolf skeleton (Lair:8)
  3 centaur zombies
  4 two-headed ogre zombies
  A giant frog skeleton (D:14)
  A basilisk skeleton (Lair:3)
  2 warg zombies (Lair:8)
  16 water moccasin zombies
  A water moccasin skeleton (Lair:4)
  A giant leech zombie (Lair:8)
  4 crocodile zombies
  A killer bee zombie (Lair:6)
  5 hound zombies (Lair:8)
  2 crocodile skeletons
  25 naga zombies
  2 hound skeletons (Lair:2)
  A naga skeleton (Snake:2)
  A human (D:16)
  A big fish zombie (Lair:8)
  16 green rat skeletons
  An iguana zombie (Lair:5)
  4 orc skeletons
  2 sheep skeletons
  2 white imps (Port)
  2 adders (Snake:2)
  2 adder skeletons
  3 adder zombies
  A green rat (Lair:3)
  An iguana skeleton (Lair:4)
  A porcupine zombie (Lair:7)
  An ufetubus (Port)
  A gnoll zombie (D:16)
  4 green rat zombies
  A giant mite zombie (Lair:5)
  5 orcs
  A goblin (Orc:2)
  2 goblin zombies (Orc:1)
  A hobgoblin skeleton (D:8)
  5 jackal skeletons
  4 jackal zombies (Lair:8)
  2 kobold zombies
  34 orc zombies
  2 quokka skeletons
  2 rat skeletons
  11 fungi
  27 plants
  19 tentacles
  478 tentacle segments
  24 toadstools
819 creatures vanquished.

Grand Total: 2302 creatures vanquished

Notes
Turn   | Place    | Note
--------------------------------------------------------------
     0 | D:1      | cptwinky, the Vampire Ice Elementalist, began the quest for the Orb.
     0 | D:1      | Reached XP level 1. HP: 13/13 MP: 4/4
   273 | D:1      | Reached XP level 2. HP: 19/19 MP: 3/5
   280 | D:1      | Learned a level 2 spell: Throw Frost
   872 | D:2      | Reached skill level 1 in Conjurations
  1022 | D:2      | Reached skill level 4 in Stealth
  1175 | D:2      | Reached XP level 3. HP: 24/24 MP: 7/7
  1381 | D:2      | Reached skill level 1 in Stabbing
  1459 | D:3      | Learned a level 3 spell: Ozocubu's Armour
  1655 | D:3      | Found a snail-covered altar of Cheibriados.
  2215 | D:4      | Found a blossoming altar of Fedhas.
  2230 | D:4      | Reached XP level 4. HP: 18/30 MP: 9/9
  2521 | D:4      | Reached XP level 5. HP: 32/35 MP: 1/10
  3301 | D:5      | Entered Level 5 of the Dungeon
  3475 | D:4      | Noticed hunterx's ghost (average TeAE)
  3516 | D:5      | Reached skill level 1 in Short Blades
  3554 | D:5      | Gained mutation: You are surrounded by a mild repulsion field (EV +2).
  3612 | D:5      | Reached XP level 6. HP: 41/41 MP: 12/12
  3817 | D:5      | Noticed Crazy Yiuf
  3836 | D:5      | Killed Crazy Yiuf
  3888 | D:5      | Noticed Duvessa
  3910 | D:5      | Noticed Dowan
  3924 | D:5      | Killed Dowan
  4058 | D:5      | Learned a level 4 spell: Throw Icicle
  4211 | D:5      | Killed Duvessa
  4211 | D:5      | Reached skill level 1 in Fighting
  4211 | D:5      | Reached XP level 7. HP: 46/46 MP: 3/15
  4513 | D:5      | Found a sand-covered staircase. 4611
                  | ossuary
                  | Entered a tomb
  5935 | D:6      | Found a staircase to the Ecumenical Temple.
  5947 | Temple   | Entered the Ecumenical Temple
  5983 | Temple   | Became a worshipper of Sif Muna the Loreminder
  6607 | D:6      | Reached skill level 5 in Stabbing
  6607 | D:6      | Reached skill level 1 in Charms
  6728 | D:6      | Reached XP level 8. HP: 48/53 MP: 0/17
  7492 | D:7      | Found Ibaeviv's Book Shop.
  7547 | D:7      | Bought a book of Cantrips for 240 gold pieces
  7553 | D:7      | Learned a level 4 spell: Summon Ice Beast
  7645 | D:7      | Reached skill level 1 in Summonings
  8380 | D:7      | Acquired Sif Muna's first power
  8944 | D:8      | Learned a level 1 spell: Animate Skeleton
  8964 | D:8      | Noticed Erolcha
  9097 | D:8      | Killed Erolcha
  9097 | D:8      | Reached skill level 5 in Spellcasting
  9097 | D:8      | Reached XP level 9. HP: 24/59 MP: 14/21
  9428 | D:8      | Found Poan's Weapon Boutique.
  9436 | D:8      | Bought a +2,+1 dagger of venom for 163 gold pieces
  9820 | D:8      | Learned a level 1 spell: Apportation
  9837 | D:9      | Found Udaa's General Store.
 10000 | D:8      | Reached skill level 6 in Stabbing
 10221 | D:9      | Found a glowing golden altar of the Shining One.
 10609 | D:9      | Found a staircase to the Orcish Mines.
 10775 | D:9      | Noticed Blork the orc
 10783 | D:9      | Killed Blork the orc
 10783 | D:9      | Acquired Sif Muna's second power
 10923 | D:9      | Reached skill level 1 in Invocations
 11118 | D:8      | HP: 2/59 [yak (12)]
 11673 | D:9      | Reached skill level 1 in Necromancy
 12540 | D:9      | Reached XP level 10. HP: 55/65 MP: 16/23
 12781 | D:9      | Found a staircase to the Lair.
 12827 | D:9      | Reached skill level 1 in Translocations
 12890 | D:9      | Noticed Joseph
 12953 | D:9      | Killed Joseph
 13263 | Lair:1   | Entered Level 1 of the Lair of Beasts
 13404 | D:9      | Reached skill level 1 in Traps & Doors
 13472 | Lair:1   | Reached skill level 5 in Stealth
 13804 | Lair:1   | Got a distressingly furry leather armour
 13805 | Lair:1   | Identified the -2 leather armour of Dishonesty (You found it on level 1 of the Lair of Beasts)
 13860 | Lair:1   | Reached skill level 5 in Dodging
 15175 | Lair:2   | Reached skill level 7 in Stabbing
 16732 | Lair:2   | Reached skill level 8 in Stealth
 16754 | Lair:3   | Reached XP level 11. HP: 52/71 MP: 12/27
 17562 | Lair:3   | Reached skill level 1 in Shields
 17674 | Lair:3   | Acquired Sif Muna's third power
 18340 | Lair:3   | Reached skill level 9 in Spellcasting
 18901 | Lair:4   | Learned a level 1 spell: Pain
 18905 | Lair:4   | Learned a level 3 spell: Vampiric Draining
 18910 | Lair:4   | Learned a level 4 spell: Animate Dead
 18915 | Lair:4   | Learned a level 4 spell: Control Undead
 20324 | Lair:5   | Reached skill level 10 in Spellcasting
 20732 | Lair:5   | Found a frozen archway.
 20772 | Lair:5   | Reached skill level 5 in Shields
 20850 | IceCv    | Entered an ice cave
 22024 | Lair:5   | Reached XP level 12. HP: 55/78 MP: 25/29
 22113 | Lair:5   | Found a staircase to the Shoals.
 22424 | Lair:5   | Reached skill level 5 in Summonings
 22601 | Lair:4   | Reached skill level 5 in Necromancy
 22941 | Lair:6   | Found a staircase to the Snake Pit.
 22957 | Lair:6   | Reached skill level 5 in Ice Magic
 23143 | Lair:6   | Received a gift from Sif Muna
 23149 | Lair:6   | Learned a level 2 spell: Blink
 23153 | Lair:6   | Learned a level 3 spell: Mephitic Cloud
 23157 | Lair:6   | Found a staircase to the Slime Pits.
 23163 | Lair:6   | Found an ancient bone altar of Kikubaaqudgha.
 23209 | Lair:6   | Noticed a rock worm
 23331 | Lair:6   | Killed a rock worm
 23488 | Lair:6   | Noticed Maud
 23530 | Lair:6   | Killed Maud
 23530 | Lair:6   | Reached skill level 11 in Spellcasting
 23530 | Lair:6   | Reached skill level 5 in Conjurations
 24046 | Lair:6   | Reached skill level 1 in Air Magic
 24046 | Lair:6   | Reached skill level 1 in Poison Magic
 24121 | Lair:7   | Learned a level 2 spell: Repel Missiles
 24354 | Lair:7   | Reached skill level 12 in Spellcasting
 24488 | Lair:7   | Received a gift from Sif Muna
 24489 | Lair:7   | Got a droning book {god gift}
 24490 | Lair:7   | Identified Sif Muna's Reference Book on Spatial Calling {god gift} (Sif Muna gifted it to you on level 7 of the Lair of Beasts)
 25017 | Lair:8   | Entered Level 8 of the Lair of Beasts
 26174 | Lair:7   | Reached skill level 13 in Spellcasting
 26174 | Lair:7   | Reached XP level 13. HP: 54/84 MP: 9/32
 26179 | Lair:7   | Learned a level 3 spell: Conjure Flame
 26859 | Lair:8   | Reached skill level 10 in Stabbing
 26884 | Lair:8   | Learned a level 1 spell: Summon Butterflies
 26972 | Lair:8   | Received a gift from Sif Muna
 26973 | Lair:8   | Got a torn book {god gift}
 26974 | Lair:8   | Identified Sif Muna's Grimoire of Arcane Weapons {god gift} (Sif Muna gifted it to you on level 8 of the Lair of Beasts)
 27527 | Lair:8   | Reached skill level 14 in Spellcasting
 28180 | Lair:8   | Reached skill level 1 in Long Blades
 29139 | D:10     | Entered Level 10 of the Dungeon
 29253 | D:10     | You fall through a shaft!
 29447 | D:11     | Found a labyrinth entrance.
 29483 | Lab      | Entered a Labyrinth
 30375 | Lab      | Got a fine ring mail
 30379 | Lab      | Identified a +2 rod of destruction [fire] (10/10) (You found it in a Labyrinth)
 30385 | Lab      | Identified the cursed +2 ring mail of Negligence (You found it in a Labyrinth)
 30775 | D:10     | Noticed Harold
 30780 | D:10     | Killed Harold
 30780 | D:10     | Reached skill level 15 in Spellcasting
 31047 | D:10     | Noticed a troll skeleton
 31062 | D:10     | Noticed a troll skeleton
 31066 | D:10     | Noticed Josephine
 31071 | D:10     | Killed Josephine
 31071 | D:10     | Received a gift from Sif Muna
 31072 | D:10     | Got a graven book {god gift}
 31074 | D:10     | Identified Sif Muna's Almanac of Icy Boosts {god gift} (Sif Muna gifted it to you on level 10 of the Dungeon)
 31086 | D:10     | Killed a troll skeleton
 31098 | D:10     | Killed a troll skeleton
 31396 | Lair:2   | Learned a level 2 spell: Ensorcelled Hibernation
 31403 | Lair:2   | Learned a level 6 spell: Simulacrum
 31807 | D:12     | Got a pair of slimy boots
 31812 | D:12     | Identified the +0 pair of boots "Cumimap" (You found it on level 12 of the Dungeon)
 31898 | D:12     | Noticed Jozef
 31946 | D:12     | Killed Jozef
 31946 | D:12     | Reached skill level 1 in Hexes
 32801 | D:13     | Noticed Gastronok
 32811 | D:13     | Killed Gastronok
 32811 | D:13     | Reached XP level 14. HP: 69/92 MP: 9/35
 33424 | D:14     | Entered Level 14 of the Dungeon
 34486 | D:13     | Your ally Gastronok died
 34512 | D:13     | Received a gift from Sif Muna
 34513 | D:13     | Got a torn book {god gift}
 34514 | D:13     | Identified Sif Muna's Tome of Displacement {god gift} (Sif Muna gifted it to you on level 13 of the Dungeon)
 34651 | D:14     | Noticed a fire elemental
 34662 | D:14     | HP: 3/92 [hell hound/blast of flame[Azrael] (14)]
 35238 | D:14     | Noticed a fire elemental
 35240 | D:14     | Noticed Azrael
 35251 | D:14     | Killed Azrael
 35673 | D:14     | Killed a fire elemental
 35726 | D:14     | Noticed Snorg
 35729 | D:14     | Killed Snorg
 35729 | D:14     | Reached skill level 5 in Short Blades
 35751 | D:14     | Noticed Agnes
 35757 | D:14     | Killed Agnes
 35928 | D:14     | Your ally Agnes died
 35970 | D:14     | Killed a fire elemental
 36179 | D:15     | Entered Level 15 of the Dungeon
 37823 | D:16     | Noticed Kirke
 37875 | D:16     | Killed Kirke
 38029 | D:16     | Found a snail-covered altar of Cheibriados.
 38314 | D:16     | Received a gift from Sif Muna
 38317 | D:16     | Got a sparkling book {god gift}
 38328 | D:16     | Identified Sif Muna's Catalogue of Frigorific Conjuration {god gift} (Sif Muna gifted it to you on level 16 of the Dungeon)
 38517 | D:16     | Reached skill level 16 in Spellcasting
 38921 | D:16     | Reached skill level 5 in Invocations
 40010 | D:13     | Reached XP level 15. HP: 99/99 MP: 20/36
 40570 | Lair:2   | Learned a level 4 spell: Control Teleport
 40684 | Snake:1  | Entered Level 1 of the Snake Pit
 40885 | Snake:1  | Reached skill level 5 in Fighting
 40921 | Snake:1  | Noticed Donald
 40931 | Snake:1  | Killed Donald
 41264 | Snake:2  | Found a snail-covered altar of Cheibriados.
 41884 | Snake:2  | Found a flickering gateway to a bazaar. 41897
                  | bazaar
                  | Entered a bazaar 41897
                  | bazaar
                  | Found Ydghuciro's Jewellery Emporium. 41915
                  | bazaar
                  | Found Plutan's Assorted Antiques. 41923
                  | bazaar
                  | Bought a scroll labeled VUOGIP IPLU for 22 gold pieces 41938
                  | bazaar
                  | Found Frekh's Antique Armour Emporium. 41946
                  | bazaar
                  | Bought a runed cloak for 23 gold pieces 41991
                  | bazaar
                  | Bought the ring of Leimyurch {cTele Dex+4 Int+3} for 691 gold pieces
 42712 | Snake:3  | Found Kehe's Distillery.
 42739 | Snake:3  | Noticed Saint Roka
 43917 | Snake:4  | Noticed Norris
 44134 | Snake:4  | Noticed Nikola
 44167 | Snake:4  | HP: 4/100 [Nikola/chain lightning (9)]
 44991 | Snake:5  | Entered Level 5 of the Snake Pit
 44996 | Snake:5  | Found Shinin's General Store.
 45206 | Snake:5  | Found Psouthug's Antique Armour Boutique.
 45213 | Snake:5  | Bought a glowing buckler for 62 gold pieces
 46270 | Snake:1  | Your ally Donald died
 46638 | Shoals:1 | Entered Level 1 of the Shoals
 46878 | Shoals:1 | Noticed Erica
 46891 | Shoals:1 | Killed Erica
 46923 | Shoals:1 | Noticed Sonja
 47271 | Shoals:1 | Killed Sonja
 47464 | Shoals:1 | Your ally Sonja died
 47465 | Shoals:1 | Your ally Erica died
 47821 | Orc:1    | Entered Level 1 of the Orcish Mines
 48245 | Orc:1    | Noticed Urug
 48256 | Orc:1    | Killed Urug
 48584 | Orc:2    | Noticed HoboGoblin's ghost (powerful MfGl)
 49319 | Orc:2    | Found Zytouban's Antique Armour Boutique.
 49328 | Orc:2    | Bought an ichor-stained robe for 188 gold pieces
 49329 | Orc:2    | Identified the +0 robe of the Hall of Blades (You bought it in a shop on level 2 of the Orcish Mines)
 49348 | Orc:2    | Noticed Grum
 49356 | Orc:2    | Killed Grum
 49558 | Orc:2    | Killed HoboGoblin's ghost
 50576 | Orc:4    | Entered Level 4 of the Orcish Mines
 50700 | Orc:4    | Noticed a two-headed ogre
 50700 | Orc:4    | Noticed a two-headed ogre
 50701 | Orc:4    | Noticed a two-headed ogre
 50718 | Orc:4    | Noticed a two-headed ogre
 50718 | Orc:4    | Noticed a two-headed ogre
 50718 | Orc:4    | Noticed an ogre mage
 50718 | Orc:4    | Noticed an ogre mage
 50719 | Orc:4    | Found Vodoetegh's General Store.
 50719 | Orc:4    | Found Kiuroeni's Assorted Antiques.
 50720 | Orc:4    | Killed a two-headed ogre
 50722 | Orc:4    | Noticed a two-headed ogre
 50722 | Orc:4    | Noticed a two-headed ogre
 50724 | Orc:4    | Noticed an ogre mage
 50726 | Orc:4    | Killed a two-headed ogre
 50728 | Orc:4    | Killed a two-headed ogre
 50729 | Orc:4    | Noticed an ogre mage
 50731 | Orc:4    | Noticed a two-headed ogre
 50733 | Orc:4    | Noticed a two-headed ogre
 50733 | Orc:4    | Killed an ogre mage
 50737 | Orc:4    | Killed a two-headed ogre
 50738 | Orc:4    | Killed a two-headed ogre
 50740 | Orc:4    | Killed a two-headed ogre
 50753 | Orc:4    | Noticed a two-headed ogre
 50763 | Orc:4    | Killed a two-headed ogre
 50772 | Orc:4    | You are cast into the Abyss!
 50772 | Orc:4    | Cast into the Abyss (ogre mage)
 50772 | Abyss    | Entered The Abyss
 50784 | Abyss    | Paralysed by a potion of paralysis for 2 turns
 50916 | Abyss    | Noticed a vampire
 51264 | Abyss    | Noticed a merfolk simulacrum
 51354 | Abyss    | Noticed a giant eyeball
 51354 | Abyss    | Reached XP level 16. HP: 92/110 MP: 4/37
 51359 | Abyss    | Paralysed by a giant eyeball for 4 turns
 51366 | Abyss    | Paralysed by a giant eyeball for 4 turns
 51370 | Abyss    | Killed a giant eyeball
 51372 | Abyss    | Killed a merfolk simulacrum
 51525 | Abyss    | Killed from afar by a smoke demon
